 Dungeon Crawl Stone Soup version 0.28-a0-1227-ga9037bb4c8 (webtiles) character file.

Game seed: 6750803235970688873

2137 bearlyready the Skirmisher (level 9, -4/69 HPs)
             Began as a Djinni Fire Elementalist on Dec 23, 2021.
             Slain by a vampire mosquito (6 damage)
             ... on level 6 of the Dungeon.
             The game lasted 00:10:36 (6728 turns).

bearlyready the Skirmisher (DjFE)                   Turns: 6728, Time: 00:10:36

Health: -4/69      AC:  2    Str:  7    XL:     9   Next: 55%
Gold:   204        EV: 12    Int: 21    God:
                   SH:  0    Dex: 14

rFire   + + .      SeeInvis .   E - +2 whip (elec)
rCold   x . .      Faith    .   (no shield)
rNeg    . . .      Spirit   .   a - +0 robe
rPois   ∞          Reflect  .   (no helmet)
rElec   .          Harm     .   (no cloak)
rCorr   .          Rampage  .   (no gloves)
Will    .....                   (boots unavailable)
Stlth   ++........              (no amulet)
HPRegen 0.21/turn               (no ring)
MPRegen 0.00/turn               (no ring)

@: brilliant, flying
A: sickness immunity, fire resistance 2, cold vulnerability 1, float, innate
caster, hp casting, extra vitality 1
a: no special abilities


You were on level 6 of the Dungeon.
You visited 1 branch of the dungeon, and saw 6 of its levels.

You collected 282 gold pieces.
You spent 78 gold pieces at shops.

Inventory:

Hand Weapons
 b - a +0 dagger
 p - a +0 dagger of protection
 C - a +1 trident of freezing
 E - a +2 whip of electrocution (weapon)
 F - a +4 vorpal flail
Missiles
 k - 192 stones
 v - 37 sling bullets
 B - 22 bolts
Armour
 a - a +0 robe (worn)
 i - a +0 kite shield
 D - a +0 kite shield
Magical Staves
 z - a staff of death
Jewellery
 g - an amulet of faith
Wands
 t - a wand of polymorph (6)
 G - a wand of mindburst (13)
Scrolls
 d - a scroll of amnesia {unknown}
 e - 2 scrolls of enchant armour {unknown}
 h - a scroll of teleportation {unknown}
 j - a scroll of torment {unknown}
 n - 7 scrolls of identify {unknown}
 o - a scroll of fog {unknown}
 q - a scroll of vulnerability {unknown}
 y - a scroll of noise {unknown}
 A - a scroll of acquirement {unknown}
Potions
 c - 2 potions of heal wounds {unknown}
 f - 2 potions of brilliance
 l - 2 potions of haste {unknown}
 m - 3 potions of might {unknown}
 r - a potion of lignification {unknown}
 s - 2 potions of curing
 w - 3 potions of flight
 x - a potion of attraction {unknown}


   Skills:
 + Level 7.6 Fighting
 + Level 1.9 Maces & Flails
 - Level 2.1 Dodging
 - Level 1.5 Stealth
 + Level 7.2 Spellcasting


You had one spell level left.
You knew the following spells:

 Your Spells              Type           Power      Damage    Failure   Level
a - Foxfire               Conj/Fire      100%       2x1d9     1%          1
b - Scorch                Fire           100%       2d10      1%          2
c - Conjure Flame         Conj/Fire      54%        6-21      1%          3
d - Inner Flame           Hex/Fire       54%        N/A       1%          3
e - Flame Wave            Conj/Fire      54%        2d9       4%          4
f - Sandblast             Erth           100%       2d20      1%          1
g - Blink                 Tloc           100%       N/A       1%          2
h - Passwall              Tmut/Erth      45%        N/A       1%          2
i - Spider Form           Tmut/Pois      54%        N/A       1%          3
Your spell library was empty.

Dungeon Overview and Level Annotations

Branches:
Dungeon (6/15)
 Temple: D:4-7

Altars:

Shops:
D:1 [   D:3 !   D:5 :

Annotations:
D:6 Dowan, Duvessa, Menkaure


Innate Abilities, Weirdness & Mutations

You are immune to sickness and miasma.
You are immune to poison.
Your flesh is very heat resistant. (rF++)
You are vulnerable to cold. (rC-)
You float through the air rather than walking.
You learn spells naturally, not from books.
Your magical power is your life essence.
You have superior vitality. (+4 MHP)


Message History

Deactivating autopickup; reactivate with Ctrl-A.
Blink to where?
Press: ? - help, Dir - move target
As you read the scroll of blinking, it crumbles to dust.
It was a potion of flight.
You feel more buoyant.
It was a potion of brilliance.
You feel clever all of a sudden.
You feel better. The vampire mosquito bites you!
* * * LOW HITPOINT WARNING * * *
Casting: Flame Wave (dangerous; 4% risk of failure)
Confirm with . or Enter, or press ? or * to list all spells.
Aiming: Sandblast (safe; 1% risk of failure)
Press: ? - help, Shift-Dir - straight line, f - vampire mosquito
Aim: a vampire mosquito (heavily damaged, 73% to hit)
Okay, then.
Casting: Sandblast (safe; 1% risk of failure)
Confirm with . or Enter, or press ? or * to list all spells.
Casting: Flame Wave (dangerous; 4% risk of failure)
Press: ? - help, Dir - look around, f - activate You feel a surge of power!
A wave of flame ripples out!
The flame wave engulfs the vampire mosquito!
The vampire mosquito is almost destroyed. (Press . to intensify the flame waves.)
* * * LOW HITPOINT WARNING * * *
The vampire mosquito bites you but does no damage.
The vampire mosquito closely misses you.
A wave of flame ripples out!
The flame wave engulfs the vampire mosquito.
The vampire mosquito is severely damaged.
The flame wave engulfs the vampire mosquito!
You destroy the vampire mosquito!
* * * LOW HITPOINT WARNING * * *
You hear a howl!
The vampire mosquito bites you!
* * * LOW HITPOINT WARNING * * *
The vampire mosquito barely misses you.
Without enough magic to sustain them, the waves of flame dissipate.
The vampire mosquito bites you.
You die...

.......................'.........
....................####.........
....................# #####.....
....)........)......# #.....
.........##.........# #.####
.........##........## #.#
.........##........# #.#
........÷.......)..# #.#
................@y.#
#########...#####†.######## #...#
#)).......# #...# #.[.......#
#...# #.÷.......# #...#
#.........# #...# #{........#
#...# #........... #...#
###...........


You could see a vampire mosquito.

Vanquished Creatures
  2 vampire mosquitoes (D:6)
  Edmund (D:6)
  A water moccasin (D:5)
  A sky beast (D:5)
  A centaur (D:5)
  2 ogres
  A necrophage (D:5)
  3 phantoms
  Blork the orc (D:6)
  2 bullfrogs (D:6)
  A gnoll sergeant (D:6)
  A howler monkey (D:5)
  A centaur skeleton (D:5)
  2 jellies
  A centaur zombie (D:6)
  3 orc priests
  3 hounds
  A bullfrog skeleton (D:6)
  3 iguanas
  3 orc wizards
  A howler monkey zombie (D:5)
  5 gnolls (D:6)
  9 adders
  A white imp (D:6)
  3 worms
  A dart slug (D:1)
  14 orcs
  9 endoplasms
  2 giant cockroaches
  16 goblins
  3 hobgoblins
  A quokka (D:1)
  7 ball pythons
  4 bats
  5 frilled lizards
  6 kobolds
  5 rats
126 creatures vanquished.

Vanquished Creatures (others)
  461 foxfires
461 creatures vanquished.

Grand Total: 587 creatures vanquished

Notes
Turn   | Place    | Note
-------+----------+-------------------------------------------
     0 | D:1      | bearlyready the Djinni Fire Elementalist began the quest
                  | for the Orb.
     0 | D:1      | Reached XP level 1. HP: 15/15 MP: 0/0
   177 | D:1      | Reached XP level 2. HP: 19/21 MP: 0/0
   250 | D:1      | Found Favyext's Antique Armour Emporium.
   363 | D:1      | Found a faded altar of an unknown god.
  1250 | D:2      | Reached XP level 3. HP: 21/25 MP: 0/0
  1250 | D:2      | Learned a level 1 spell: Sandblast
  1706 | D:2      | Reached XP level 4. HP: 22/31 MP: 0/0
  2536 | D:3      | Found Cekysiegi's Distillery.
  2888 | D:3      | Reached skill level 1 in Fighting
  2888 | D:3      | Reached XP level 5. HP: 35/37 MP: 0/0
  2888 | D:3      | Learned a level 2 spell: Blink
  3336 | D:3      | Bought a potion of curing for 39 gold pieces
  3336 | D:3      | Bought a potion of curing for 39 gold pieces
  3716 | D:3      | Reached XP level 6. HP: 40/43 MP: 0/0
  4407 | D:5      | Entered Level 5 of the Dungeon
  4413 | D:5      | Noticed a sky beast
  4421 | D:5      | Killed a sky beast
  4422 | D:5      | Reached XP level 7. HP: 37/50 MP: 0/0
  4422 | D:5      | Learned a level 2 spell: Passwall
  4563 | D:5      | Reached skill level 5 in Spellcasting
  4758 | D:5      | Noticed a water moccasin
  4786 | D:5      | Killed a water moccasin
  4909 | D:5      | Reached skill level 5 in Fighting
  4909 | D:5      | Reached XP level 8. HP: 49/59 MP: 0/0
  5111 | D:5      | Found Vivuzikk's Book Boutique.
  5882 | D:6      | Noticed Blork the orc
  5908 | D:6      | Killed Blork the orc
  6309 | D:6      | Reached XP level 9. HP: 65/67 MP: 0/0
  6309 | D:6      | Learned a level 3 spell: Spider Form
  6507 | D:6      | Noticed Edmund
  6515 | D:6      | Killed Edmund
  6516 | D:6      | Reached skill level 1 in Maces & Flails
  6709 | D:6      | Noticed Menkaure
  6712 | D:6      | Noticed Dowan
  6715 | D:6      | Noticed Duvessa
  6716 | D:6      | HP: 3/68 [vampire mosquito (12)]
  6727 | D:6      | HP: 1/68 [vampire mosquito (10)]
  6728 | D:6      | Slain by a vampire mosquito

Illustrated notes

Levels and vault maps discovered:
D:1:      noname_arrival_rooms_in_the_neighbourhood, layout_basic,
          basic_ecumenical_altar, serial_shops, nicolae_shop_crystal,
          corexii_leaking_fountain, minmay_misc_feat_rugged, minmay_3d_cube
D:2:      kennysheep_the_goblin_king, layout_basic
D:3:      layout_rooms, serial_shops, nicolae_shop_statue_plus
D:4:      layout_rooms, minmay_distorted
D:5:      layout_loops_corners, serial_shops, shop_fountains
D:6:      layout_basic, uniq_menkaure, uniq_duvessa, uniq_blork_the_orc,
          uniq_edmund

Skill      XL: |  1  2  3  4  5  6  7  8  9 |
---------------+----------------------------+-----
Spellcasting   | 3 4 5 6 7 |  7.2
Fighting       | 1 2 3 5 6 7 |  7.6
Maces & Flails | 1 |  1.9
Dodging        | |  2.1
Stealth        | |  1.5

Action                   |  1- 3 |  4- 6 |  7- 9 || total
-------------------------+-------+-------+-------++-------
Melee: Dagger            |    10 |    23 |    12 ||    45
       Whip              |       |       |     7 ||     7
 Cast: Foxfire           |    58 |    98 |   108 ||   264
       Flame Wave        |       |     1 |     2 ||     3
       Scorch            |       |     3 |    33 ||    36
       Passwall          |       |       |     1 ||     1
  Use: Potion            |       |       |     4 ||     4
       Scroll            |       |       |     2 ||     2
Armor: Robe              |     1 |     7 |    18 ||    26
Dodge: Dodged            |    21 |    31 |    41 ||    93

Table legend: (Time is in decaauts)
 A = Elapsed time spent in this place.
 B = Non-inter-level travel time spent in this place.
 C = Inter-level travel time spent in this place.
 D = Time resting spent in this place.
 E = Time spent auto-exploring this place.
 F = Levels seen in this place.
 G = Mean time per level.
                   A        B        C        D        E       F      G
               +--------+--------+--------+--------+--------+-----+--------+
         Total |   6725 |   6635 |     90 |    169 |   5539 |   6 | 1120.8 |
       Dungeon |   6725 |   6635 |     90 |    169 |   5539 |   6 | 1120.8 |
               +--------+--------+--------+--------+--------+-----+--------+

Top non-repeatable levels by time:
     D:5: 1452 daAuts
     D:2: 1322 daAuts
     D:3: 1304 daAuts
     D:1: 1197 daAuts
     D:6: 867 daAuts
     D:4: 580 daAuts
